 Dungeon Crawl Stone Soup version 0.31-a0-795-g5eb97db20b (webtiles) character file.

Game seed: 9119892758898675595

1099 Armakuni the Basher (level 8, -6/58 HPs)
             Began as a Human Delver on Sept 18, 2023.
             Was an Initiate of Gozag.
             Killed from afar by an acid dragon (30 damage)
             ... with a splash of acid
             ... on level 5 of the Dungeon.
             The game lasted 00:18:02 (5488 turns).

Armakuni the Basher (Human Delver)                  Turns: 5488, Time: 00:18:03

Health: -6/58      AC:  1    Str: 13    XL:     8   Next: 57%
Magic:  8/8        EV: 15    Int: 10    God:    Gozag
Gold:   381        SH:  0    Dex:  9    Spells: 5/8 levels left

rFire   . . .        a - +10 mace of Mens Rea {vamp, Int-3 Dex-5 SInv Stlth+}
rCold   . . .        (no shield)
rNeg    . . .        h - +0 ring mail
rPois   .            (no helmet)
rElec   .            (no cloak)
rCorr   .            (no gloves)
SInv    +            (no boots)
Will    .....        (no amulet)
Stlth   +++          E - +5 ring of evasion
HPRegen 0.29/turn    (no ring)
MPRegen 0.11/turn

%: no passive effects
@: corroded, studying 2 skills, invisible
A: no striking features
a: Renounce Religion, Potion Petition, Call Merchant, Bribe Branch


You were on level 5 of the Dungeon.
You worshipped Gozag.
Gozag was aware of your devotion.
You visited 2 branches of the dungeon, and saw 8 of its levels.
You also visited: Sewer and Ossuary.

You collected 599 gold pieces.
You paid 218 gold pieces to Gozag.

Inventory:

Hand Weapons
 a - the +10 mace of Mens Rea (weapon) {vamp, Int-3 Dex-5 SInv Stlth+}
   (You found it on level 3 of the Dungeon)

   Int-3:     It affects your intelligence (-3).
   Dex-5:     It affects your dexterity (-5).
   SInv:      It lets you see invisible.
   Stlth+:    It makes you more stealthy.
 b - a +0 trident of venom
 z - a +3 heavy hand axe
Missiles
 j - 3 atropa-tipped darts
Armour
 h - a +0 ring mail (worn)
Jewellery
 E - a +5 ring of evasion (left hand)
Wands
 k - a wand of digging (3)
 r - a wand of roots (3)
Scrolls
 c - a scroll of fog
 e - 2 scrolls of fear
 g - a scroll of enchant armour
 p - a scroll of revelation
 x - a scroll of noise
 A - a scroll of poison
 B - a scroll of vulnerability {unknown}
Potions
 d - a potion of invisibility
 f - a potion of berserk rage {unknown}
 l - 3 potions of degeneration {unknown}
 m - a potion of haste
 n - 3 potions of cancellation {unknown}
 o - 3 potions of might {unknown}
 q - a potion of brilliance {unknown}
 s - 3 potions of magic {unknown}
 t - 5 potions of curing {unknown}
 v - a potion of ambrosia {unknown}
 w - 4 potions of lignification {unknown}
 y - 4 potions of mutation {unknown}


   Skills:
 - Level 3.0 Fighting
 + Level 11.0 Maces & Flails
 - Level 2.0 Dodging
 - Level 5.0 Stealth
 - Level 0.5 Spellcasting
 - Level 1.4 Conjurations


You had 5 spell levels left.
You knew the following spells:

 Your Spells              Type           Power      Damage    Failure   Level
z - Stone Arrow           Conj/Erth      2%         3d7       87%         3

Your spell library contained the following spells:

 Spells                   Type           Power      Damage    Failure   Level
 Sandblast                Erth           0%         2d4       63%         1
 Cigotuvi's Dreadful Rot  Necr/Pois/Air  0%         N/A       77%         2
 Passwall                 Tmut/Erth      0%         N/A       77%         2
 Ignite Poison            Fire/Tmut/Pois 0%         N/A       94%         3
 Brom's Barrelling Bould  Conj/Erth      1%         2d3       99%         4
 Freezing Cloud           Conj/Ice/Air   0%         6-21      100%        5


Dungeon Overview and Level Annotations

Branches:
Dungeon (7/15)             Temple (1/1) D:5           Sewer (visited)
Ossuary (visited)

Altars:
Ashenzari
Cheibriados
Dithmenos
Elyvilon
Fedhas
Gozag
Hepliaklqana
Kikubaaqudgha
Makhleb
Nemelex Xobeh
Okawaru
Qazlal
Ru
Sif Muna
Uskayaw
Vehumet
Wu Jian
Xom
Yredelemnul
Zin
The Shining One

Shops:
D:3 (


Message History

The roots lose their grip on something.
Okay, then.
Okay, then.
You feel much better.
Okay, then.
You fade into invisibility!
You closely miss the acid dragon.
The acid dragon is heavily wounded.
The acid dragon barely misses you. x2
Aiming: Fastroot
Press: ? - help, Shift-Dir - straight line
Okay, then.
Press: ? - help, v - describe, . - travel
Here: an acid dragon (grey smoke, heavily wounded, unable to see you)
The floor.
An acid dragon is nearby!
Throw: 2 darts (curare)
Press: ? - help, Q - select action, (/) - cycle Shift-Dir - straight line, f/p - acid dragon
Aim: an acid dragon (grey smoke, heavily wounded, unable to see you, 50% to hit)
You throw a curare-tipped dart.
The curare-tipped dart hits the acid dragon.
The acid dragon is heavily wounded.
The acid dragon bites you! The acid dragon barely misses you.
You hit the acid dragon.
The acid dragon is severely wounded.
You closely miss the acid dragon.
The acid dragon is severely wounded.
Throw: dart (curare)
Press: ? - help, Q - select action, (/) - cycle Shift-Dir - straight line, f/p - acid dragon
Aim: an acid dragon (grey smoke, severely wounded, wandering, unable to see you, hasn't noticed you, 50% to hit)
You throw a curare-tipped dart.
The curare-tipped dart hits the acid dragon.
The acid dragon is severely wounded.
You hit the acid dragon.
The acid dragon is almost dead.
The acid dragon spits acid at you. The splash of acid hits you!!
Ouch! That really hurt!
You die...
Your body crumbles into a pile of gold.

.........##~#≈≈.S≈#!.~P~#...#...#
.........##~#~?.$~#P~.~P#...###'#
.........##~#(P...#.....##.......
.........##~#PP..P# #.......
.........##.#.....# #.......
.........##.# ####..#.......
.........##.## +##§~.D.##.......
.........###.####D§~######.......
.....####..##§§§@§###....#.......
.....# #...#######.#....#.......
.....# #...........#....#....###
.....# #...........#....#....#..
.<...# #...........#....#....#..
.....# #...........##'###....#..
.....# ######......#....'....#..
.....# #......#....#....#..
.....# #......'....#....#..


You could see an acid dragon (unable to see you, catching breath).

Vanquished Creatures
  2 phantoms
  3 kobold brigands (Sewer)
  A scorpion (D:4)
  A howler monkey (D:3)
  5 hounds (D:5)
  An orc priest (D:3)
  A sleepcap (D:5)
  Terence (D:2)
  An iguana (D:5)
  An orc wizard (D:3)
  8 mummies (Ossuary)
  4 gnolls
  11 adders
  An ufetubus (D:4)
  5 worms
  A dart slug (D:1)
  7 orcs
  15 ball pythons
  8 endoplasms
  3 giant cockroaches
  6 hobgoblins
  3 jackals (D:2)
  14 kobolds
  6 quokkas
  7 bats
  6 frilled lizards
  6 goblins
  3 hobgoblin zombies (Ossuary)
  4 kobold zombies (Ossuary)
  An orc zombie (Ossuary)
  8 rats
144 creatures vanquished.

Notes
Turn   | Place    | Note
-------+----------+-------------------------------------------
     0 | D:5      | Armakuni the Human Delver began the quest for the Orb.
     0 | D:5      | Reached XP level 1. HP: 18/18 MP: 1/1
    37 | D:6      | Reached XP level 2. HP: 8/24 MP: 2/2
   375 | D:4      | Reached skill level 3 in Maces & Flails
   387 | D:4      | Reached XP level 3. HP: 29/29 MP: 3/3
   401 | D:4      | Noticed a phantom
   439 | D:4      | Killed a phantom
   440 | D:4      | Reached skill level 4 in Maces & Flails
   440 | D:4      | Reached XP level 4. HP: 24/35 MP: 4/4
   533 | D:4      | Reached XP level 5. HP: 32/41 MP: 5/5
   547 | D:4      | Found a sand-covered staircase.
   552 | Ossuary  | Entered an ossuary
   582 | Ossuary  | Reached skill level 5 in Maces & Flails
  1203 | Ossuary  | Reached XP level 6. HP: 41/47 MP: 6/6
  1506 | D:3      | Reached skill level 6 in Maces & Flails
  1657 | D:3      | Found a glowing drain.
  1684 | Sewer    | Entered a sewer
  2039 | Sewer    | Reached skill level 7 in Maces & Flails
  2039 | Sewer    | Reached XP level 7. HP: 42/52 MP: 7/7
  2317 | Sewer    | Identified a scroll of acquirement
  2317 | Sewer    | Acquired a manual of Conjurations
  2471 | D:3      | Found Pudypn's Weapon Emporium.
  2547 | D:2      | Noticed Terence
  2643 | D:2      | Learned a level 3 spell: Stone Arrow
  2866 | D:1      | Reached skill level 1 in Conjurations
  2932 | D:1      | Acquired a manual of Maces & Flails
  3178 | D:2      | Found a faded altar of an unknown god.
  3193 | D:2      | Reached skill level 8 in Maces & Flails
  3668 | D:2      | Killed Terence
  4074 | D:3      | Reached XP level 8. HP: 58/58 MP: 8/8
  4185 | D:3      | Identified the +10 mace of Mens Rea {vamp, Int-3 Dex-5 SInv
                  | Stlth+}
  4384 | D:4      | Reached skill level 9 in Maces & Flails
  4600 | D:4      | Found a white marble altar of Elyvilon.
  4859 | D:5      | Found a staircase to the Ecumenical Temple.
  4874 | D:5      | Reached skill level 10 in Maces & Flails
  4895 | Temple   | Entered the Ecumenical Temple
  4914 | Temple   | Became a worshipper of Gozag Ym Sagoz the Greedy
  5264 | D:5      | Reached skill level 11 in Maces & Flails
  5488 | D:5      | Killed from afar by an acid dragon

Illustrated notes

Levels and vault maps discovered:
D:1:      tarquinn_simple_flora_water_e, layout_basic
D:2:      layout_basic, shapermc_ecumenical_altar_ellora, serial_curves,
          eino_curves_01, eino_curves_01, eino_curves_01, solitary_fountain,
          uniq_terence
D:3:      layout_basic, serial_curves, eino_curves_04, eino_curves_02,
          eino_curves_01, eino_curves_02, cheibrodos_sewer_entry_bend,
          serial_shops, shop
D:4:      cheibrodos_quashed, layout_rooms, amcnicky_altar_gilded,
          enter_ossuary_5
D:5:      cheibrodos_two_vegetables, layout_gridville, temple_pool_b,
          nicolae_twisty_statue_hallways
D:6:      layout_loops_corners, serial_shops, nicolae_shop_tiny_waterfront
D:7:      layout_loops_ring, uniq_crazy_yiuf_cottage, uniq_jeremiah
Temple:   nicolae_temple_bog_church

Skill      XL: |  1  2  3  4  5  6  7  8 |
---------------+-------------------------+-----
Maces & Flails | 3 4 5 7 8 11 | 11.0
Conjurations   | 1 |  1.4
Fighting       | |  3.0
Dodging        | |  2.0
Stealth        | |  5.0
Spellcasting   | |  0.5

Action                     |  1- 3 |  4- 6 |  7- 9 || total
---------------------------+-------+-------+-------++-------
  Melee: Mace              |     6 |       |    88 ||    94
         Hand axe          |     8 |   145 |   116 ||   269
         Punch             |       |     1 |     2 ||     3
         Trident           |       |       |    24 ||    24
  Throw: Dart              |       |       |     8 ||     8
  Evoke: Wand              |       |       |     2 ||     2
    Use: Potion            |     2 |     3 |     5 ||    10
         Scroll            |     1 |     3 |     9 ||    13
   Stab: Sleeping          |     1 |     1 |    12 ||    14
 Armour: Leather armour    |     8 |    28 |       ||    36
         Ring mail         |       |    82 |   132 ||   214
  Dodge: Dodged            |     6 |   102 |   172 ||   280

Table legend: (Time is in decaauts)
 A = Elapsed time spent in this place.
 B = Non-inter-level travel time spent in this place.
 C = Inter-level travel time spent in this place.
 D = Time resting spent in this place.
 E = Time spent auto-exploring this place.
 F = Levels seen in this place.
 G = Mean time per level.
                   A        B        C        D        E       F      G
               +--------+--------+--------+--------+--------+-----+--------+
         Total |   5698 |   5500 |    198 |   1106 |   2444 |  10 |  569.8 |
       Dungeon |   3963 |   3800 |    163 |    276 |   2176 |   7 |  566.1 |
        Temple |     38 |      3 |     35 |      0 |      0 |   1 |   38.0 |
         Sewer |    777 |    777 |      0 |    253 |    235 |   1 |  777.0 |
       Ossuary |    918 |    918 |      0 |    577 |     33 |   1 |  918.0 |
               +--------+--------+--------+--------+--------+-----+--------+

Top non-repeatable levels by time:
     D:3: 1114 daAuts
 Ossuary: 918 daAuts
     D:5: 796 daAuts
   Sewer: 777 daAuts
     D:4: 675 daAuts
     D:2: 646 daAuts
     D:1: 530 daAuts
     D:6: 197 daAuts
  Temple: 38 daAuts
     D:7: 2 daAuts
